AoeStats
← ska_18

Black Forest

504203348Analyzed
3v3 RM · 28d ago on Sep 4, 2026· 30m 34s· 6 players
Game mode
Random Map
Map size
Normal (6 player)
Population
200
Speed
Normal
Resources
Standard
Victory
Conquest
Starting age
Dark Age
Ending age
Imperial Age
RankedLock teamsTeams togetherTeam positionsShared explorationLock speedFull tech treeHidden civsTurbo modeCheats
Victory
Defeat
🇦🇺 Vikings · Australia
1158
+13
🇹🇷 Persians · Türkiye
1127
+14
🇹🇷 Turks · Türkiye
1093
+16
🇬🇧 Mongols · United Kingdom
1109
-15
🇦🇹 Saracens · Austria
1093
-14
🇦🇺 Spanish · Australia
1075
-14
Angusjack
0:33 Loom
13:50 Feudal Age
15:59 Double-Bit Axe
18:59 Castle Age
22:03 Scale Barding Armor
23:18 Caravan
ska_18
1:21 Loom
12:16 Feudal Age
17:50 Castle Age
15:39 Double-Bit Axe
16:12 Fishing Lines
17:16 Horse Collar
20:31 Wheelbarrow
19:42 Town Watch
20:28 Bow Saw
20:54 Gillnets
21:00 Gillnets
24:04 Gold Mining
24:05 Stone Mining
25:06 Hand Cart
26:43 Gold Shaft Mining
26:22 Fervor
26:48 Forging
26:29 Fletching
26:44 Scale Barding Armor
28:06 Iron Casting
28:39 Sanctity
Desyres
0:29 Loom
11:28 Feudal Age
15:36 Castle Age
15:39 Double-Bit Axe
16:08 Scale Barding Armor
16:22 Husbandry
20:25 Scale Barding Armor
27:25 Horse Collar
Milkus Dilkus
8:32 Loom
12:46 Feudal Age
13:13 Double-Bit Axe
14:19 Gold Mining
16:32 Castle Age
14:28 Horse Collar
22:51 Imperial Age
21:07 Heavy Plow
21:32 Bow Saw
22:22 Gold Shaft Mining
26:07 Stone Mining
27:45 Padded Archer Armor
28:55 Wheelbarrow
29:16 Redemption
Grim Reaper
11:35 Feudal Age
12:10 Double-Bit Axe
12:08 Horse Collar
14:26 Wheelbarrow
15:58 Loom
18:16 Castle Age
21:01 Pikeman
23:12 Bow Saw
23:20 Scale Mail Armor
25:47 Heavy Plow
26:41 Squires
33:40 Imperial Age
31:27 Hand Cart
Arfah
12:51 Feudal Age
14:33 Loom
17:26 Castle Age
15:47 Double-Bit Axe
16:25 Man-at-Arms
16:51 Horse Collar
17:34 Long Swordsman
19:44 Bow Saw
22:49 Gold Mining
23:31 Gambesons
24:40 Scale Mail Armor
24:59 Heavy Plow
25:40 Squires
27:01 Chain Mail Armor
26:58 Forging
28:55 Arson
Connection lost

Rejoining the realm…

Still unreachable

The connection could not be restored.

Session expired

The server has moved on; the page needs a fresh start.